 Dungeon Crawl Stone Soup version 0.29-a0-360-g8ed1089bbe (webtiles) character file.

Game seed: 3588314774961773572

9 Zatoro the Skirmisher (level 2, -6/24 HPs)
             Began as a Demonspawn Chaos Knight on Apr 29, 2022.
             Was a Plaything of Xom.
             Succumbed to a death drake's dark miasma
             ... on level 1 of the Dungeon.
             The game lasted 00:01:14 (395 turns).

Zatoro the Skirmisher (Demonspawn Chaos Knight)      Turns: 395, Time: 00:01:15

Health: -6/24      AC:  7    Str: 12    XL:     2   Next: 6%
Magic:  2/2        EV: 11    Int: 13    God:    Xom [..*...]
Gold:   16         SH:  0    Dex: 12    Spells: 1/1 levels left

rFire   . . .      SeeInvis .   a - +0 hand axe (chaos)
rCold   . . .      Faith    .   (no shield)
rNeg    . . .      Spirit   .   b - +2 leather armour
rPois   .          Reflect  .   (no helmet)
rElec   .          Harm     .   (no cloak)
rCorr   .          Rampage  .   (no gloves)
Will    .....                   (no boots)
Stlth   +.........              (no amulet)
HPRegen 0.08/turn               (no ring)
MPRegen 0.08/turn               (no ring)

@: lethally poisoned (-6 -> -50), slowed, very slow
A: icy blue scales 1
a: Renounce Religion


You were on level 1 of the Dungeon.
You worshipped Xom.
You were a toy of Xom.
You visited 1 branch of the dungeon, and saw 1 of its levels.

You collected 16 gold pieces.

Inventory:

Hand Weapons
 a - a +0 hand axe of chaos (weapon)
Armour
 b - a +2 leather armour (worn)
Jewellery
 g - a +4 ring of evasion
Scrolls
 d - 2 scrolls of identify {unknown}
 e - a scroll of enchant weapon {unknown}
 f - a scroll of amnesia {unknown}
Miscellaneous
 c - a piece from Xom's chessboard (15/15) (quivered)


   Skills:
 * Level 3.1 Fighting
 * Level 3.0 Axes
 + Level 1.8 Armour
 + Level 0.8 Dodging
 * Level 0.2 Stealth


You had one spell level left.
You didn't know any spells.
Your spell library was empty.

Dungeon Overview and Level Annotations

Branches:
Dungeon (1/15)

Altars:


Innate Abilities, Weirdness & Mutations

You are partially covered in icy blue scales. (AC +2)


Message History

You freeze the frilled lizard.
You kill the frilled lizard!
You have reached level 2!
Your demonic ancestry asserts itself...
Icy blue scales grow over part of your body.
Xom is highly amused!
You hit the goblin. You freeze the goblin.
You kill the goblin!
Your library has no spells.
Items here: ) †††. "Let's try an experiment, hmmm?"
Your scroll labelled NUOMPE WEACEO briefly glows.
Unknown command.
Found a faded altar of an unknown god.
A frilled lizard comes into view.
The frilled lizard closely misses you.
You closely miss the frilled lizard. The frilled lizard barely misses you.
You hit the frilled lizard.
The frilled lizard changes into a glowing shapeshifter!
Xom thinks this is hilarious!
The glowing shapeshifter is lightly wounded.
The glowing shapeshifter changes into a death drake!
You hit the death drake. You freeze the death drake.
The death drake is lightly wounded.
The death drake bites you.
You barely miss the death drake.
The death drake is lightly wounded.
The death drake breathes miasma at you. The foul vapour engulfs you.
You are poisoned.
You hit the death drake but do no damage.
The death drake is lightly wounded.
You are engulfed in dark miasma.
You are lethally poisoned!
You feel yourself slow down.
Ouch! That really hurt!
* * * LOW HITPOINT WARNING * * *
A shower of butterflies erupts from you!
You die...
Xom titters!

#.########..
............##.
#.######## ...
#.# #.## #.# #...
#.# #..# #.# #
#b.# #.#
#.##b°###### #..
#....°@k°..#
####°°####.# #°b#
.# #..###.#
#.....##
####.#.PP.#
#......♣♣P.#
#....P.PP.P#
######....P.P_♣P#


You could see a death drake shaped shifter (catching breath, ally target).

Vanquished Creatures
  2 endoplasms (D:1)
  A goblin (D:1)
  A hobgoblin (D:1)
  A ball python (D:1)
  2 bats (D:1)
  A frilled lizard (D:1)
  2 rats (D:1)
10 creatures vanquished.

Notes
Turn   | Place    | Note
-------+----------+-------------------------------------------
     0 | D:1      | Zatoro the Demonspawn Chaos Knight began the quest for the
                  | Orb.
     0 | D:1      | Reached XP level 1. HP: 18/18 MP: 1/1
   335 | D:1      | Gained mutation: You are partially covered in icy blue
                  | scales. (AC +2) [demonic ancestry]
   335 | D:1      | Reached XP level 2. HP: 20/24 MP: 2/2
   373 | D:1      | XOM: silly message
   380 | D:1      | Found a faded altar of an unknown god.
   392 | D:1      | Noticed a glowing shapeshifter
   392 | D:1      | a frilled lizard changed into a glowing shapeshifter
   392 | D:1      | Noticed a death drake
   392 | D:1      | a glowing shapeshifter changed into a death drake
   395 | D:1      | XOM: butterfly on damage
   395 | D:1      | Succumbed to a death drake's dark miasma

Illustrated notes

Levels and vault maps discovered:
D:1:      scummos_arrival_simple_fountains, layout_loops_ring,
          ebering_ecumenical_altar_petrified

Skill      XL: |  1 |
---------------+----+-----
Axes           | 3 |  3.0
Fighting       | |  3.1
Armour         | |  1.8
Dodging        | |  0.8
Stealth        | |  0.2

Action                   || total
-------------------------++-------
Melee: Hand axe          ||    35
Armor: Leather armour    ||    19
Dodge: Dodged            ||    20

Table legend: (Time is in decaauts)
 A = Elapsed time spent in this place.
 B = Non-inter-level travel time spent in this place.
 C = Inter-level travel time spent in this place.
 D = Time resting spent in this place.
 E = Time spent auto-exploring this place.
 F = Levels seen in this place.
 G = Mean time per level.
                   A        B        C        D        E       F      G
               +--------+--------+--------+--------+--------+-----+--------+
         Total |    399 |    399 |      0 |    141 |    187 |   1 |  399.0 |
       Dungeon |    399 |    399 |      0 |    141 |    187 |   1 |  399.0 |
               +--------+--------+--------+--------+--------+-----+--------+

Top non-repeatable levels by time:
     D:1: 399 daAuts
